SAAA
PENNSAUKEN FLYERS @ TREMONT DOUBLEDAYS
07/25/2034
 
TOP OF THE 1ST
Pennsauken Flyers batting - Pitching for Tremont Doubledays : RHP Bob Shepard
Pitching: RHP Bob Shepard
Batting: LHB Vinski Prifti 0-0: Called Strike
0-1: Ground out 6-3 (Groundball, 6D)
Batting: SHB Chris Williamson 0-0: Ball
1-0: Called Strike
1-1: Swinging Strike
1-2: Ball
2-2: Ball
3-2: Strikes out swinging
Batting: RHB José Rodríguez 0-0: Called Strike
0-1: Ball
1-1: Ground out 6-3 (Groundball, 6)
Top of the 1st over - 0 runs, 0 hits, 0 errors, 0 left on base; Pennsauken 0 - Tremont 0
BOTTOM OF THE 1ST
Tremont Doubledays batting - Pitching for Pennsauken Flyers : LHP Mike Foltynewicz
Pitching: LHP Mike Foltynewicz
Batting: LHB Dallas McMurran 0-0: Called Strike
0-1: Bunt for hit - play at first, batter OUT! 3-4
Batting: RHB Jorge Rodríguez 0-0: Called Strike
0-1: Foul Ball, location: 2F
0-2: Foul Ball, location: 2F
0-2: Ground out 5-3 (Groundball, 56)
Batting: RHB Dan Chrzan 0-0: Ball
1-0: Foul Ball, location: 2F
1-1: Foul Ball, location: 2F
1-2: Fly out, F7 (Flyball, 7D)
Bottom of the 1st over - 0 runs, 0 hits, 0 errors, 0 left on base; Pennsauken 0 - Tremont 0
TOP OF THE 2ND
Pennsauken Flyers batting - Pitching for Tremont Doubledays : RHP Bob Shepard
Batting: LHB Arana Sashi 0-0: Foul Ball, location: 2F
0-1: DOUBLE (Line Drive, 7LS)
Batting: RHB Raúl Moreno 0-0: Ball
1-0: Ball
2-0: Ball
3-0: Called Strike
3-1: Base on Balls
Batting: RHB Leo Cadden 0-0: Called Strike
0-1: Swinging Strike
0-2: Strikes out looking
Batting: RHB John Downing 0-0: SINGLE (Line Drive, 8LS)
Arana Sashi to third
Raúl Moreno to second
Batting: RHB Clarence Therrien 0-0: Called Strike
0-1: SINGLE (Groundball, 34S) (infield hit)
Arana Sashi scores
Raúl Moreno to third
John Downing to second
Batting: RHB Raúl Javier Jr. 0-0: Foul Ball, location: 2F
0-1: Foul Ball, location: 2F
0-2: Ball
1-2: Strikes out swinging
Batting: LHB Vinski Prifti 0-0: Ball
1-0: Ball
2-0: Ground out 4-3 (Groundball, 4)
Top of the 2nd over - 1 run, 3 hits, 0 errors, 3 left on base; Pennsauken 1 - Tremont 0
BOTTOM OF THE 2ND
Tremont Doubledays batting - Pitching for Pennsauken Flyers : LHP Mike Foltynewicz
Batting: RHB Héctor Amaya 0-0: Ball
1-0: Swinging Strike
1-1: Ball
2-1: Foul Ball, location: 2F
2-2: Ball
3-2: Fly out, F9 (Flyball, 9LD)
Batting: LHB Travis Grigor 0-0: Ball
1-0: Called Strike
1-1: Foul Ball, location: 2F
1-2: Ground out 4-3 (Groundball, 34D)
Batting: RHB Armaan Ebrahim 0-0: Ball
1-0: Ball
2-0: SINGLE (Line Drive, 7S)
Batting: RHB Javier De La Garza 0-0: Ball
Armaan Ebrahim steals 2nd base
1-0: Called Strike
1-1: Ball
2-1: Called Strike
2-2: Strikes out swinging
Bottom of the 2nd over - 0 runs, 1 hit, 0 errors, 1 left on base; Pennsauken 1 - Tremont 0
TOP OF THE 3RD
Pennsauken Flyers batting - Pitching for Tremont Doubledays : RHP Bob Shepard
Batting: SHB Chris Williamson 0-0: Called Strike
0-1: Fly out, F4 (Line Drive, 4)
Batting: RHB José Rodríguez 0-0: Ball
1-0: DOUBLE (Flyball, 78D)
Batting: LHB Arana Sashi 0-0: Ball
1-0: Foul Ball, location: 2F
1-1: Ground out 6-3 (Groundball, 6)
José Rodríguez to third
Batting: RHB Raúl Moreno 0-0: Called Strike
0-1: Ball
1-1: Ball
2-1: Foul Ball, location: 2F
2-2: Ball
3-2: Base on Balls
Batting: RHB Leo Cadden 0-0: Ball
1-0: Foul Ball, location: 2F
1-1: Ball
2-1: Ball
3-1: Called Strike
3-2: Strikes out looking
Top of the 3rd over - 0 runs, 1 hit, 0 errors, 2 left on base; Pennsauken 1 - Tremont 0
BOTTOM OF THE 3RD
Tremont Doubledays batting - Pitching for Pennsauken Flyers : LHP Mike Foltynewicz
Batting: RHB Louis Teague 0-0: Ball
1-0: Fly out, F7 (Flyball, 7S)
Batting: RHB Jeff Perkins 0-0: Called Strike
0-1: Ball
1-1: SINGLE (Groundball, 6D)
Batting: LHB Dallas McMurran 0-0: Foul Ball, location: 2F
0-1: Ball
1-1: Ball
2-1: SINGLE (Line Drive, 9S)
Jeff Perkins to second
Batting: RHB Jorge Rodríguez 0-0: Fly out, F8 (Flyball, 8LM)
Batting: RHB Dan Chrzan 0-0: Foul Ball, location: 2F
0-1: Foul Ball, location: 2F
0-2: SINGLE (Line Drive, 8LS)
Jeff Perkins to third
Dallas McMurran to second
Runner from 3rd tries for Home, SAFE, throw made home
Batting: RHB Héctor Amaya 0-0: Called Strike
0-1: Ball
1-1: Foul Ball, location: 2F
1-2: Ball
2-2: Ball
3-2: Strikes out swinging
Bottom of the 3rd over - 1 run, 3 hits, 0 errors, 2 left on base; Pennsauken 1 - Tremont 1
TOP OF THE 4TH
Pennsauken Flyers batting - Pitching for Tremont Doubledays : RHP Bob Shepard
Batting: RHB John Downing 0-0: Ball
1-0: Swinging Strike
1-1: Ball
2-1: Swinging Strike
2-2: Strikes out swinging
Batting: RHB Clarence Therrien 0-0: Fly out, F8 (Flyball, 8RM)
Batting: RHB Raúl Javier Jr. 0-0: Called Strike
0-1: Ball
1-1: Ball
2-1: Swinging Strike
2-2: Ball
3-2: Fly out, F3 (Popup, 3S)
Top of the 4th over - 0 runs, 0 hits, 0 errors, 0 left on base; Pennsauken 1 - Tremont 1
BOTTOM OF THE 4TH
Tremont Doubledays batting - Pitching for Pennsauken Flyers : LHP Mike Foltynewicz
Batting: LHB Travis Grigor 0-0: Called Strike
0-1: SINGLE (Line Drive, 8LS)
Batting: RHB Armaan Ebrahim 0-0: Called Strike
Travis Grigor steals 2nd base
0-1: DOUBLE (Groundball, 5L)
Travis Grigor scores
Batting: RHB Javier De La Garza 0-0: Ball
1-0: Ground out 4-3 (Groundball, 4)
Armaan Ebrahim to third
Batting: RHB Louis Teague 0-0: Called Strike
0-1: Swinging Strike
0-2: Strikes out swinging
Batting: RHB Jeff Perkins 0-0: Called Strike
0-1: Ball
1-1: Called Strike
1-2: Ball
2-2: Foul Ball, location: 2F
2-2: Foul Ball, location: 2F
2-2: Foul Ball, location: 2F
2-2: Foul Ball, location: 2F
2-2: Ball
3-2: Foul Ball, location: 2F
3-2: Foul Ball, location: 2F
3-2: Ground out 5-3 (Groundball, 56S)
Bottom of the 4th over - 1 run, 2 hits, 0 errors, 1 left on base; Pennsauken 1 - Tremont 2
TOP OF THE 5TH
Pennsauken Flyers batting - Pitching for Tremont Doubledays : RHP Bob Shepard
Batting: LHB Vinski Prifti 0-0: Called Strike
0-1: SINGLE (Groundball, 4MD)
Batting: SHB Chris Williamson 0-0: Hit by Pitch
Vinski Prifti to second
Batting: RHB José Rodríguez 0-0: Called Strike
0-1: Ball
1-1: Called Strike
1-2: Ball
2-2: Ball
3-2: Strikes out swinging
Batting: LHB Arana Sashi 0-0: Called Strike
0-1: Foul Ball, location: 2F
0-2: SINGLE (Groundball, 56S) (infield hit)
Vinski Prifti to third
Chris Williamson to second
Batting: RHB Raúl Moreno 0-0: Called Strike
0-1: Ball
1-1: Foul Ball, location: 2F
1-2: Strikes out looking
Batting: RHB Leo Cadden 0-0: Called Strike
0-1: Called Strike
0-2: Ball
1-2: Strikes out swinging
Top of the 5th over - 0 runs, 2 hits, 0 errors, 3 left on base; Pennsauken 1 - Tremont 2
BOTTOM OF THE 5TH
Tremont Doubledays batting - Pitching for Pennsauken Flyers : LHP Mike Foltynewicz
Batting: LHB Dallas McMurran 0-0: Reached via error on a dropped throw, E3
Batting: RHB Jorge Rodríguez 0-0: Ball
1-0: Grounds into double play, 4-6-3 (Groundball, 4D)
Batting: RHB Dan Chrzan 0-0: Ball
1-0: Foul Ball, location: 2F
1-1: Ball
2-1: Ball
3-1: Base on Balls
Batting: RHB Héctor Amaya 0-0: 2-RUN HOME RUN (Flyball, 9LD) (Inside the Park)
Batting: LHB Travis Grigor 0-0: Ball
1-0: Foul Ball, location: 2F
1-1: Ground out 4-3 (Groundball, 4M)
Bottom of the 5th over - 2 runs, 1 hit, 1 error, 0 left on base; Pennsauken 1 - Tremont 4
TOP OF THE 6TH
Pennsauken Flyers batting - Pitching for Tremont Doubledays : RHP Bob Shepard
Batting: RHB John Downing 0-0: Foul Ball, location: 2F
0-1: Swinging Strike
0-2: Strikes out swinging
Batting: RHB Clarence Therrien 0-0: Ball
1-0: Foul Ball, location: 2F
1-1: Foul Ball, location: 2F
1-2: Foul Ball, location: 2F
1-2: Ball
2-2: Ball
3-2: Ground out 4-3 (Groundball, 34)
Batting: RHB Raúl Javier Jr. 0-0: Ball
1-0: Ball
2-0: Ball
3-0: Called Strike
3-1: Fly out, F8 (Line Drive, 8LD)
Top of the 6th over - 0 runs, 0 hits, 0 errors, 0 left on base; Pennsauken 1 - Tremont 4
BOTTOM OF THE 6TH
Tremont Doubledays batting - Pitching for Pennsauken Flyers : LHP Mike Foltynewicz
Batting: RHB Armaan Ebrahim 0-0: Swinging Strike
0-1: Foul Ball, location: 2F
0-2: Ball
1-2: Foul Ball, location: 2F
1-2: Reached on error, E3 (Groundball, 34S)
Batting: RHB Javier De La Garza 0-0: Foul Ball, location: 2F
0-1: Ball
1-1: Ball
2-1: Bunted foul
2-2: Ground out 6-3 (Groundball, 6)
Armaan Ebrahim to third
Batting: RHB Louis Teague 0-0: Foul Ball, location: 2F
0-1: Ball
1-1: Ball
2-1: Ball
3-1: Foul Ball, location: 2F
3-2: Strikes out swinging
Batting: RHB Jeff Perkins 0-0: Ball
1-0: Called Strike
Steal of home, Armaan Ebrahim is safe
1-1: Ball
2-1: Ball
3-1: Ground out 4-3 (Groundball, 4)
Bottom of the 6th over - 1 run, 0 hits, 1 error, 0 left on base; Pennsauken 1 - Tremont 5
TOP OF THE 7TH
Pennsauken Flyers batting - Pitching for Tremont Doubledays : RHP Bob Shepard
Batting: LHB Vinski Prifti 0-0: Foul Ball, location: 2F
0-1: Ball
1-1: Ball
2-1: Ball
3-1: Fly out, F8 (Flyball, 78D)
Batting: SHB Chris Williamson 0-0: Ball
1-0: Ball
2-0: Ball
3-0: Called Strike
3-1: Foul Ball, location: 2F
3-2: Foul Ball, location: 2F
3-2: Fly out, F7 (Line Drive, 7)
Batting: RHB José Rodríguez 0-0: Ball
1-0: Ground out 5-3 (Groundball, 5)
Top of the 7th over - 0 runs, 0 hits, 0 errors, 0 left on base; Pennsauken 1 - Tremont 5
BOTTOM OF THE 7TH
Tremont Doubledays batting - Pitching for Pennsauken Flyers : LHP Mike Foltynewicz
Batting: LHB Dallas McMurran 0-0: Ball
1-0: Ball
2-0: Swinging Strike
2-1: Foul Ball, location: 2F
2-2: Fly out, F4 (Popup, 13S)
Batting: RHB Jorge Rodríguez 0-0: Ball
1-0: SINGLE (Line Drive, 7LS)
Batting: RHB Dan Chrzan 0-0: Hit by Pitch
Jorge Rodríguez to second
Pitching: RHP Manny Benavides
Batting: RHB Héctor Amaya 0-0: Ball
1-0: Called Strike
1-1: Ball
2-1: Reached on error, E5 (Groundball, 56)
Jorge Rodríguez to third
Dan Chrzan to second
Batting: LHB Travis Grigor 0-0: Called Strike
0-1: Ball
1-1: Ball
2-1: Foul Ball, location: 2F
2-2: Ball
3-2: Base on Balls
Jorge Rodríguez scores
Dan Chrzan to third
Héctor Amaya to second
Batting: RHB Armaan Ebrahim 0-0: Called Strike
0-1: Ball
1-1: Grounds into fielders choice 5-2 (Groundball, 56S)
Héctor Amaya to third
Travis Grigor to second
Batting: RHB Javier De La Garza 0-0: SINGLE (Groundball, 34D)
Héctor Amaya scores
Travis Grigor to third
Armaan Ebrahim to second
Runner from 3rd tries for Home, SAFE, throw made home
Batting: RHB Louis Teague 0-0: Ball
1-0: Called Strike
1-1: Foul Ball, location: 2F
1-2: Strikes out swinging
Bottom of the 7th over - 3 runs, 2 hits, 1 error, 2 left on base; Pennsauken 1 - Tremont 8
TOP OF THE 8TH
Pennsauken Flyers batting - Pitching for Tremont Doubledays : RHP Bob Shepard
Pitching: RHP Jeremy Hinkle
Now at 3B: Domingo Morín
Now in CF: Sheldon Deshotels
Batting: LHB Arana Sashi 0-0: Ground out U3 (Groundball, 3)
Batting: RHB Raúl Moreno 0-0: Ball
1-0: Ball
2-0: Called Strike
2-1: Ball
3-1: Called Strike
3-2: Foul Ball, location: 2F
3-2: Base on Balls
Batting: RHB Leo Cadden 0-0: Ball
1-0: Called Strike
1-1: Ball
2-1: Ball
3-1: SINGLE (Groundball, 6D)
Raúl Moreno to second
Batting: RHB John Downing 0-0: Ground out 6-3 (Groundball, 6MS)
Raúl Moreno to third
Leo Cadden to second
Batting: RHB Clarence Therrien 0-0: Ball
1-0: Ball
2-0: Foul Ball, location: 2F
2-1: Ball
3-1: Base on Balls
Batting: RHB Raúl Javier Jr. 0-0: Foul Ball, location: 2F
0-1: Ball
1-1: Swinging Strike
1-2: Ball
2-2: Foul Ball, location: 2F
2-2: Ground out 6-3 (Groundball, 6M)
Top of the 8th over - 0 runs, 1 hit, 0 errors, 3 left on base; Pennsauken 1 - Tremont 8
BOTTOM OF THE 8TH
Tremont Doubledays batting - Pitching for Pennsauken Flyers : RHP Manny Benavides
Batting: RHB Jeff Perkins 0-0: Foul Ball, location: 2F
0-1: Foul Ball, location: 2F
0-2: Ball
1-2: Strikes out swinging
Batting: LHB Dallas McMurran 0-0: Called Strike
0-1: Ball
1-1: Ball
2-1: Foul Ball, location: 2F
2-2: Fly out, F6 (Line Drive, 6)
Batting: RHB Jorge Rodríguez 0-0: Ball
1-0: Called Strike
1-1: Ground out 6-3 (Groundball, 6M)
Bottom of the 8th over - 0 runs, 0 hits, 0 errors, 0 left on base; Pennsauken 1 - Tremont 8
TOP OF THE 9TH
Pennsauken Flyers batting - Pitching for Tremont Doubledays : RHP Jeremy Hinkle
Now at 2B: Brad Mosley
Batting: LHB Vinski Prifti 0-0: Ball
1-0: Swinging Strike
1-1: Ground out 4-3 (Groundball, 4)
Batting: SHB Chris Williamson 0-0: Swinging Strike
0-1: Swinging Strike
0-2: Ball
1-2: Strikes out swinging
Batting: RHB José Rodríguez 0-0: Called Strike
0-1: Foul Ball, location: 2F
0-2: Ball
1-2: Ball
2-2: Foul Ball, location: 2F
2-2: Fly out, F8 (Flyball, 8LM)
Top of the 9th over - 0 runs, 0 hits, 0 errors, 0 left on base; Pennsauken 1 - Tremont 8
Friday, March 29th, 2019 - OOTP Baseball 18.8 Build 76